 Dungeon Crawl Stone Soup version 0.31-a0-640-g39d97e502b (webtiles) character file.

Game seed: 13757671240829171136

13890 Ekaitz the Destroyer (level 11, 0/58 HPs)
             Began as a Deep Elf Conjurer on Aug 28, 2023.
             Was a Priest of Sif Muna.
             Hit by a large rock thrown by a cyclops (11 damage)
             ... on level 11 of the Dungeon.
             The game lasted 00:32:16 (10649 turns).

Ekaitz the Destroyer (Deep Elf Conjurer)           Turns: 10649, Time: 00:32:16

Health: 0/58       AC: 17    Str:  4    XL:     11   Next: 81%
Magic:  9/27       EV: 21    Int: 22    God:    Sif Muna [***...]
Gold:   208        SH:  0    Dex: 27    Spells: 17/31 levels left

rFire   + . .        a - +1 short sword (venom)
rCold   . . .        (no shield)
rNeg    . . .        E - +0 steam dragon scales
rPois   .            u - +2 helmet
rElec   .            L - +2 cloak
rCorr   .            (no gloves)
SInv    .            i - +1 pair of boots
Will    +....        R - amulet of magic regeneration
Stlth   ++++         m - ring of the Madman {+Blink rF+ AC+4 Int-2 Dex+4}
HPRegen 0.29/turn    o - +6 ring of dexterity
MPRegen 0.60/turn

%: no passive effects
@: no status effects
A: no striking features
a: Renounce Religion, Evoke Blink, Channel Magic, Forget Spell


You were on level 11 of the Dungeon.
You worshipped Sif Muna.
Sif Muna was most pleased with you.
You visited 1 branch of the dungeon, and saw 11 of its levels.

You collected 558 gold pieces.
You spent 350 gold pieces at shops.

Inventory:

Hand Weapons
 a - a +1 short sword of venom (weapon)
 c - a +1 dagger of draining
 O - a +2 dagger of flaming
Missiles
 g - 60 poisoned darts
 r - 7 throwing nets
 H - 5 curare-tipped darts
Armour
 i - a +1 pair of boots (worn)
 u - a +2 helmet (worn)
 E - +0 steam dragon scales (worn)
 F - a +2 robe of positive energy
 L - a +2 cloak (worn)
 N - a +0 robe of willpower
Jewellery
 m - the ring of the Madman (left hand) {+Blink rF+ AC+4 Int-2 Dex+4}
   (You found it on level 2 of the Dungeon)

   [ring of protection]

   AC+4:      It affects your AC (+4).
   Int-2:     It affects your intelligence (-2).
   Dex+4:     It affects your dexterity (+4).
   rF+:       It protects you from fire.
   +Blink:    It lets you blink.
 o - a +6 ring of dexterity (right hand)
 v - a ring of see invisible
 x - an amulet of faith
 A - a ring of flight
 R - an amulet of magic regeneration (around neck)
 S - a ring of magical power
 U - a ring of positive energy
Talismans
 q - a flux talisman
Wands
 G - a wand of flame (10)
 I - a wand of polymorph (12)
 P - a wand of roots (11)
 Q - a wand of quicksilver (5)
Scrolls
 d - 5 scrolls of identify {unknown}
 e - 3 scrolls of torment {unknown}
 f - 2 scrolls of silence {unknown}
 h - 2 scrolls of immolation {unknown}
 j - 2 scrolls of enchant armour {unknown}
 n - 3 scrolls of teleportation {unknown}
 p - 3 scrolls of amnesia {unknown}
 t - 2 scrolls of blinking {unknown}
 y - a scroll of fear {unknown}
 z - 3 scrolls of vulnerability {unknown}
 J - 2 scrolls of poison {unknown}
 K - a scroll of noise {unknown}
 T - a scroll of enchant weapon {unknown}
Potions
 b - a potion of magic
 k - 3 potions of brilliance {unknown}
 l - 2 potions of mutation {unknown}
 s - a potion of curing
 w - 2 potions of ambrosia {unknown}
 B - a potion of cancellation {unknown}
 C - 5 potions of heal wounds
 D - 4 potions of lignification {unknown}
 M - a potion of enlightenment {unknown}


   Skills:
 + Level 2.3 Fighting
 + Level 3.5 Short Blades
 * Level 9.3 Dodging
 + Level 7.8 Stealth
 + Level 10.6 Spellcasting
 * Level 12.0 Conjurations
 + Level 6.3 Hexes
 * Level 6.1 Translocations
 * Level 6.3 Invocations
 + Level 1.2 Evocations


You had 17 spell levels left.
You knew the following spells:

 Your Spells              Type           Power      Damage    Failure   Level
a - Magic Dart            Conj           100%       1d8       1%          1
b - Searing Ray           Conj           100%       2d8       1%          2
c - Fulminant Prism       Conj/Hex       25%        3d14      1%          4
d - Iskenderun's Mystic   Conj/Tloc      51%        2d11      1%          4
e - Dazzling Flash        Conj/Hex       100%       N/A       1%          3

Your spell library contained the following spells:

 Spells                   Type           Power      Damage    Failure   Level
 Lesser Beckoning         Tloc           76%        N/A       1%          2
 Teleport Other           Tloc           38%        N/A       1%          3
 Ensorcelled Hibernation  Hex/Ice        50%        N/A       2%          2
 Sticky Flame             Conj/Fire      38%        2d6       4%          4
 Passwall                 Tmut/Erth      9%         N/A       9%          2
 Fireball                 Conj/Fire      19%        3d9       13%         5
 Anguish                  Hex/Necr       12%        N/A       16%         4
 Swiftness                Air            11%        N/A       17%         3


Dungeon Overview and Level Annotations

Branches:
Dungeon (11/15)            Temple (0/1) D:6            Lair (0/5) D:8
    Orc: D:9-12

Altars:
Ashenzari
Cheibriados
Dithmenos
Elyvilon
Fedhas
Gozag
Kikubaaqudgha
Makhleb
Nemelex Xobeh
Qazlal
Sif Muna
Trog
Vehumet
Wu Jian
Zin
The Shining One

Shops:
D:2 :   D:3 ![[   D:6 [   D:10 (   D:11 !

Annotations:
D:5 1 runed translucent door


Message History

Unknown command.
Casting: Fulminant Prism (dangerous; 1% risk of failure)
Confirm with . or Enter, or press ? or * to list all spells.
Aiming: Searing Ray (safe; 1% risk of failure)
Press: ? - help, Shift-Dir - straight line The searing ray hits the wraith!
You destroy the wraith!
Sif Muna accepts your kill. (Press . to maintain the ray.)
Your Conjurations skill increases to level 12!
Casting: Searing Ray (safe; 1% risk of failure)
Confirm with . or Enter, or press ? or * to list all spells.
Aiming: Fulminant Prism (dangerous; 1% risk of failure)
Press: ? - help, Dir - move target You conjure a prism of explosive energy!
A fulminant prism comes into view.
Casting: Fulminant Prism (dangerous; 1% risk of failure)
Confirm with . or Enter, or press ? or * to list all spells.
Aiming: Searing Ray (safe; 1% risk of failure)
Press: ? - help, Shift-Dir - straight line, f - cyclops
Aim: a cyclops, quivering large rocks (ally target, 98% to hit)
The searing ray hits the cyclops but does no damage. (Press . to maintain the ray.)
The orc misses you.
The cyclops throws a large rock.
The large rock hits you!!
Ouch! That really hurt!
* * * LOW HITPOINT WARNING * * *
Your fulminant prism crackles loudly.
Unknown command.
The searing ray hits the cyclops!
The cyclops is moderately wounded.
The orc hits you from afar with a +0 trident.
* * * LOW HITPOINT WARNING * * *
Your fulminant prism explodes!
The blast of energy engulfs the cyclops!!
The cyclops is severely wounded.
The searing ray hits the cyclops!
The cyclops is almost dead.
The orc barely misses you.
The cyclops throws a large rock.
The large rock hits you!
You die...

.... # .... .#. .#
..... ...#.# .....
.##.. ...... ..#.#
#########o$....
#.#.#
#...≈..))).....
#>..#
#..≈.≈.@)).....
##..#
#.≈...≈)##../..
...[# ###≈..∩..≈#
... .†..#
##...≈...≈.# #
###.###.....≈.≈.C#
#..#.......≈...#
#..............#
#.#...........##
#..#..........#


You could see a cyclops and an orc.

Vanquished Creatures
  A boulder beetle (D:7)
  6 two-headed ogres
  A gargoyle (D:10)
  Jeremiah (D:6)
  4 kobold demonologists
  2 trolls
  A hornet (D:10)
  Prince Ribbit (D:7)
  3 wraiths
  14 yaks
  2 wyverns
  Grum (D:9)
  3 steam dragons
  A vampire mosquito (D:11)
  3 acid dragons
  Duvessa (D:7)
  2 orc warriors
  A water moccasin (D:8)
  4 ice beasts
  5 black bears
  A sky beast (D:7)
  2 ogres
  2 centaurs (D:9)
  2 wolves (D:9)
  4 phantoms
  9 kobold brigands
  A scorpion (D:4)
  Dowan (D:7)
  3 killer bees (D:10)
  A hound (D:7)
  2 orc priests
  A gnoll bouda (D:4)
  4 iguanas
  Jessica (D:3)
  Natasha (thrice) (D:3)
  A sleepcap (D:5)
  4 orc wizards
  Robin (D:3)
  12 gnolls
  12 adders
  2 shadow imps
  3 white imps
  An ufetubus (D:6)
  A worm (D:3)
  2 dart slugs
  29 orcs
  3 ball pythons
  5 bats
  5 endoplasms
  A giant cockroach (D:1)
  17 goblins
  12 hobgoblins
  3 jackals (D:2)
  3 quokkas
  6 frilled lizards
  45 kobolds
262 creatures vanquished.

Vanquished Creatures (others)
  A human (D:4)
  31 fulminant prisms
32 creatures vanquished.

Grand Total: 294 creatures vanquished

Notes
Turn   | Place    | Note
-------+----------+-------------------------------------------
     0 | D:1      | Ekaitz the Deep Elf Conjurer began the quest for the Orb.
     0 | D:1      | Reached XP level 1. HP: 10/10 MP: 6/6
   174 | D:1      | Reached XP level 2. HP: 15/15 MP: 5/8
   179 | D:1      | Learned a level 2 spell: Searing Ray
   252 | D:1      | Reached skill level 5 in Conjurations
   624 | D:2      | Found Ivarosm's Book Shoppe.
   642 | D:2      | Reached XP level 3. HP: 17/19 MP: 0/9
   929 | D:2      | Identified the ring of the Madman {+Blink rF+ AC+4 Int-2
                  | Dex+4}
  1558 | D:3      | Found Deufry's Antique Armour Boutique.
  1562 | D:3      | Reached XP level 4. HP: 24/24 MP: 7/11
  1567 | D:3      | Learned a level 4 spell: Fulminant Prism
  1664 | D:3      | Reached skill level 1 in Short Blades
  1744 | D:3      | Found a sparkling altar of Nemelex Xobeh.
  1785 | D:3      | Noticed Robin
  1945 | D:3      | Found Suujenet's Distillery.
  1948 | D:3      | Bought a potion of degeneration for 12 gold pieces
  1948 | D:3      | Bought a potion of curing for 36 gold pieces
  2131 | D:3      | Reached XP level 5. HP: 28/28 MP: 8/12
  2160 | D:3      | Learned a level 4 spell: Iskenderun's Mystic Blast
  2258 | D:3      | Noticed Jessica
  2263 | D:3      | Killed Jessica
  2354 | D:3      | Killed Robin
  2486 | D:3      | Found Hyikhluca's Antique Armour Shop.
  2504 | D:3      | Reached skill level 1 in Hexes
  2577 | D:3      | Noticed Natasha
  2582 | D:3      | Killed Natasha
  2650 | D:3      | Noticed Natasha
  2653 | D:3      | Killed Natasha
  2654 | D:3      | Reached XP level 6. HP: 33/33 MP: 9/14
  2716 | D:3      | Found a glowing silver altar of Zin.
  2737 | D:3      | Noticed Natasha
  2743 | D:3      | Killed Natasha
  2744 | D:3      | Reached skill level 6 in Conjurations
  2950 | D:4      | Reached skill level 1 in Fighting
  3030 | D:4      | Reached skill level 1 in Evocations
  3069 | D:4      | Found a glowing golden altar of the Shining One.
  3154 | D:4      | Found a snail-covered altar of Cheibriados.
  3176 | D:4      | Found an ancient bone altar of Kikubaaqudgha.
  3194 | D:4      | Noticed a human
  3195 | D:4      | Killed a human
  3420 | D:4      | Reached XP level 7. HP: 15/38 MP: 0/15
  3717 | D:5      | Entered Level 5 of the Dungeon
  4167 | D:5      | Reached skill level 5 in Spellcasting
  4279 | D:5      | Reached skill level 7 in Conjurations
  4339 | D:5      | Found an opulent altar of Gozag.
  4394 | D:5      | Found a runed translucent door.
  4605 | D:5      | Found a shimmering blue altar of Sif Muna.
  4673 | D:5      | Found a blossoming altar of Fedhas.
  4674 | D:5      | Noticed a steam dragon
  4719 | D:5      | Became a worshipper of Sif Muna the Loreminder
  4724 | D:5      | Learned a level 3 spell: Dazzling Flash
  4777 | D:5      | Killed a steam dragon
  5023 | D:6      | Noticed Jeremiah
  5036 | D:6      | Reached skill level 1 in Invocations
  5036 | D:6      | Reached XP level 8. HP: 43/43 MP: 15/18
  5070 | D:6      | Reached skill level 5 in Dodging
  5152 | D:6      | Reached skill level 8 in Conjurations
  5182 | D:6      | Reached skill level 5 in Stealth
  5322 | D:6      | Killed Jeremiah
  5419 | D:6      | Identified the +2 scale mail of the Morning {rC++ rN+}
  5701 | D:6      | Found a staircase to the Ecumenical Temple.
  5706 | D:6      | Reached XP level 9. HP: 47/47 MP: 9/21
  5737 | D:6      | Found Ampoto's Armour Emporium.
  6099 | D:6      | Reached * piety under Sif Muna
  6276 | D:7      | Reached skill level 1 in Translocations
  6412 | D:3      | Bought an embroidered cloak for 217 gold pieces
  6506 | D:7      | Reached skill level 9 in Conjurations
  6641 | D:7      | Noticed a troll
  6652 | D:7      | Killed a troll
  6685 | D:7      | Noticed a boulder beetle
  6699 | D:7      | Killed a boulder beetle
  6812 | D:7      | Noticed a two-headed ogre
  6818 | D:7      | Killed a two-headed ogre
  6913 | D:7      | Reached XP level 10. HP: 50/53 MP: 13/24
  7051 | D:7      | Noticed Prince Ribbit
  7057 | D:7      | Killed Prince Ribbit
  7223 | D:7      | Found a burning altar of Makhleb.
  7259 | D:7      | Reached skill level 10 in Conjurations
  7403 | D:7      | Noticed Dowan
  7415 | D:7      | Noticed Duvessa
  7422 | D:7      | Killed Duvessa
  7422 | D:7      | Killed Dowan
  7628 | D:7      | Found a bloodstained altar of Trog.
  7821 | D:8      | Reached skill level 5 in Hexes
  7929 | D:8      | Found a broken altar of Ashenzari.
  7943 | D:8      | Got the Compendium of Incandescence and Peregrination
  7964 | D:8      | Found a staircase to the Lair.
  8294 | D:8      | Found a radiant altar of Vehumet.
  8600 | D:8      | Found an ornate altar of the Wu Jian Council.
  8665 | D:9      | Noticed Grum
  8677 | D:9      | Killed Grum
  8679 | D:9      | Noticed a two-headed ogre
  8991 | D:9      | Found a shadowy altar of Dithmenos.
  9034 | D:9      | Killed a two-headed ogre
  9045 | D:9      | Noticed a two-headed ogre
  9051 | D:9      | Killed a two-headed ogre
  9052 | D:9      | Reached skill level 5 in Invocations
  9097 | D:9      | Noticed a smoke demon
  9103 | D:9      | Noticed an orange demon
  9106 | D:9      | Reached XP level 11. HP: 50/57 MP: 12/26
  9205 | D:9      | Reached ** piety under Sif Muna
  9209 | D:9      | Reached skill level 5 in Translocations
  9254 | D:9      | Reached skill level 10 in Spellcasting
  9304 | D:9      | Noticed a two-headed ogre
  9317 | D:9      | Killed a two-headed ogre
  9318 | D:9      | Reached skill level 11 in Conjurations
  9472 | D:9      | Found a white marble altar of Elyvilon.
  9774 | D:10     | Entered Level 10 of the Dungeon
  9843 | D:10     | Found a stormy altar of Qazlal.
 10066 | D:10     | Noticed a two-headed ogre
 10073 | D:10     | Killed a two-headed ogre
 10183 | D:10     | Reached *** piety under Sif Muna
 10437 | D:10     | Found Fagup's Weapon Boutique.
 10522 | D:11     | Noticed a two-headed ogre
 10525 | D:11     | Killed a two-headed ogre
 10618 | D:11     | Found Guefaf's Distillery.
 10628 | D:11     | Bought a potion of heal wounds for 85 gold pieces
 10646 | D:11     | Reached skill level 12 in Conjurations
 10649 | D:11     | Hit by a large rock thrown by a cyclops

Illustrated notes

Levels and vault maps discovered:
D:1:      lightli_arrival_maybe_door_vault, layout_rooms
D:2:      layout_basic, serial_shops, shop
D:3:      layout_basic, nemelex_dance_club_becter, zin_treasury, serial_shops,
          nicolae_shop_back_alley_shop, nicolae_shop_behind_doors,
          nicolae_shop_peninsula, uniq_natasha, uniq_jessica, uniq_robin
D:4:      layout_cave_pools, tgw_kikubaaqudgha,
          mainiacjoe_overflow_catch_the_wave, grunt_ministairs_2
D:5:      layout_loops_ring, fedhas_altar_fruit_tree, lemuel_blue_sif_altar,
          mainiacjoe_overflow_concentric_impassable, lightli_church_of_beogh
D:6:      layout_loops_ring, minmay_temple_entry_large_hall, serial_shops, shop,
          uniq_jeremiah
D:7:      layout_gridville, old_standard_altar, trog_ov_bears_minmay,
          minmay_misc_feat_nine_boxes, kb_rosetta, uniq_duvessa,
          uniq_prince_ribbit1
D:8:      layout_loops_ring, old_standard_altar, mainiacjoe_overflow_chevrons,
          mainiacjoe_overflow_surrounded_room, dpeg_oklobed_lair, st_stairs_12
D:9:      layout_long_grid, mainiacjoe_overflow_alcove_1, lemuel_crystal_altar,
          minmay_quadrilaterals, uniq_grum
D:10:     layout_big_octagon, nicolae_overflow_hidden_temple,
          serial_column_ruins, column_ruins_grid_5, column_ruins_hut_ruined,
          column_ruins_open_large, column_ruins_open_tiny,
          column_ruins_open_medium, column_ruins_corridor_T,
          column_ruins_open_small, column_ruins_corridor_straight, serial_shops,
          nicolae_shop_behind_doors
D:11:     layout_rooms, orc_david_3, serial_shops, nicolae_shop_behind_doors,
          nicolae_diamond_shop

Skill      XL: |  1  2  3  4  5  6  7  8  9 10 11 |
---------------+----------------------------------+-----
Conjurations   | 5 6 7 8 9 10 12 | 12.0
Dodging        | 3 4 5 7 8 9 |  9.3
Short Blades   | 1 2 3 |  3.5
Stealth        | 3 4 5 6 7 |  7.8
Hexes          | 1 2 3 4 5 6 |  6.3
Spellcasting   | 4 5 6 8 9 10 | 10.6
Fighting       | 1 2 |  2.3
Evocations     | 1 |  1.2
Invocations    | 1 2 4 5 6 |  6.3
Translocations | 3 4 6 |  6.1

Action                     |  1- 3 |  4- 6 |  7- 9 | 10-12 || total
---------------------------+-------+-------+-------+-------++-------
  Melee: Dagger            |    27 |    40 |    27 |    15 ||   109
         Punch             |       |       |     1 |       ||     1
         Short sword       |       |       |       |   102 ||   102
  Throw: Dart              |       |       |     1 |       ||     1
   Cast: Magic Dart        |    45 |    79 |    67 |    97 ||   288
         Searing Ray       |     9 |    14 |    38 |    42 ||   103
         Fulminant Prism   |       |       |     5 |    26 ||    31
         Dazzling Flash    |       |       |     1 |     2 ||     3
         Iskenderun's Myst |       |       |       |     7 ||     7
Ability: Evoke Blink       |     1 |       |       |     1 ||     2
    Use: Potion            |       |     1 |       |       ||     1
   Stab: Sleeping          |     5 |     5 |     5 |     7 ||    22
         Invisible         |       |       |     4 |     2 ||     6
 Armour: Robe              |     7 |    18 |     6 |       ||    31
         Steam dragon scal |       |       |    17 |    48 ||    65
  Dodge: Dodged            |    25 |    65 |    61 |   183 ||   334

Table legend: (Time is in decaauts)
 A = Elapsed time spent in this place.
 B = Non-inter-level travel time spent in this place.
 C = Inter-level travel time spent in this place.
 D = Time resting spent in this place.
 E = Time spent auto-exploring this place.
 F = Levels seen in this place.
 G = Mean time per level.
                   A        B        C        D        E       F      G
               +--------+--------+--------+--------+--------+-----+--------+
         Total |  10626 |  10067 |    559 |    527 |   7475 |  11 |  966.0 |
       Dungeon |  10626 |  10067 |    559 |    527 |   7475 |  11 |  966.0 |
               +--------+--------+--------+--------+--------+-----+--------+

Top non-repeatable levels by time:
     D:5: 1556 daAuts
     D:3: 1453 daAuts
     D:7: 1384 daAuts
     D:9: 1092 daAuts
     D:6: 1041 daAuts
     D:4: 913 daAuts
     D:8: 872 daAuts
     D:2: 848 daAuts
    D:10: 728 daAuts
     D:1: 597 daAuts
    D:11: 139 daAuts
